 Dungeon Crawl Stone Soup version 0.31.0-4-g52a2dc7128 (webtiles) character file.

Game seed: 1817342063259767161

5019 gelatine the Basher (level 10, -6/74 HPs)
             Began as a Demonspawn Fighter on Jan 21, 2024.
             Mangled by an orc warrior
             ... wielding a +0 trident
              (9 damage)
             ... on level 9 of the Dungeon.
             The game lasted 00:21:18 (7877 turns).

gelatine the Basher (Demonspawn Fighter)            Turns: 7877, Time: 00:21:18

Health: -6/74      AC:  8    Str: 20    XL:     10   Next: 30%
Magic:  14/14      EV: 24    Int:  9    God:
Gold:   616        SH:  0    Dex: 13    Spells: 7/14 levels left

rFire   + . .        V - +2 dire flail
rCold   . . .        (shield currently unavailable)
rNeg    . . .        Y - +0 robe {rF+}
rPois   .            (helmet restricted)
rElec   .            h - +1 cloak
rCorr   .            z - +1 pair of gloves
SInv    .            (no boots)
Will    .....        (no amulet)
Stlth   +            w - +5 ring of evasion
HPRegen 0.32/turn    S - +5 ring of evasion
MPRegen 0.14/turn

%: no passive effects
@: no status effects
A: antennae 1, foul stench 2, sharp scales 2
a: no special abilities


You were on level 9 of the Dungeon.
You visited 2 branches of the dungeon, and saw 10 of its levels.
You also visited: Sewer.

You collected 616 gold pieces.

Inventory:

Hand Weapons
 a - a +0 war axe
 m - a +3 whip of flaming
 o - a +0 whip of venom
 L - a +0 flail of protection
 V - a +2 dire flail (weapon)
Missiles
 r - 5 darts of dispersal
 y - 5 javelins
 F - 10 poisoned darts
 J - 5 stones (quivered)
Armour
 b - a +0 scale mail
 c - a +0 buckler
 h - a +1 cloak (worn)
 z - a +1 pair of gloves (worn)
 Y - a +0 robe of fire resistance (worn)
Jewellery
 n - a ring of see invisible
 p - a ring of willpower
 v - a ring of wizardry
 w - a +5 ring of evasion (left hand)
 B - a ring of poison resistance
 D - an amulet of magic regeneration
 N - a +6 ring of dexterity
 R - a ring of willpower
 S - a +5 ring of evasion (right hand)
 W - a ring of willpower
Wands
 A - a wand of mindburst (24)
 U - a wand of polymorph (11)
 X - a wand of flame (6)
Scrolls
 f - 4 scrolls of brand weapon
 g - a scroll of poison
 q - a scroll of noise
 s - a scroll of amnesia
 t - 2 scrolls of enchant weapon
 u - 2 scrolls of blinking
 E - a scroll of enchant armour
 G - a scroll of fear {unknown}
 H - a scroll of fog {unknown}
 K - 2 scrolls of immolation
 M - a scroll of revelation {unknown}
 O - 2 scrolls of identify
 P - 3 scrolls of vulnerability
 T - a scroll of teleportation
Potions
 d - 3 potions of might
 e - 3 potions of mutation {unknown}
 i - a potion of resistance {unknown}
 j - 2 potions of magic {unknown}
 k - 3 potions of curing {unknown}
 l - a potion of lignification {unknown}
 x - 2 potions of degeneration {unknown}
 C - 2 potions of brilliance {unknown}
 I - 2 potions of invisibility {unknown}
 Q - a potion of enlightenment {unknown}


   Skills:
 + Level 5.3 Fighting
 + Level 2.8(6.1) Axes
 * Level 8.5(8.7) Maces & Flails
 + Level 2.4 Throwing
 + Level 5.1 Armour
 + Level 5.2 Dodging
 + Level 0.4 Stealth
 + Level 4.7 Shields
 * Level 2.9 Spellcasting
 * Level 2.7 Necromancy
 * Level 1.8 Alchemy
 * Level 2.3 Evocations


You had 7 spell levels left.
You knew the following spells:

 Your Spells              Type           Power      Damage    Failure   Level
a - Fugue of the Fallen   Necr           6%         N/A       28%         3
b - Olgreb's Toxic Radia  Alch           4%         N/A       80%         4

Your spell library contained the following spells:

 Spells                   Type           Power      Damage    Failure   Level
 Sandblast                Erth           2%         2d4       30%         1
 Summon Small Mammal      Summ           4%         N/A       30%         1
 Ensorcelled Hibernation  Hex/Ice        2%         N/A       43%         2
 Call Canine Familiar     Summ           1%         N/A       67%         3
 Passwall                 Erth           1%         N/A       67%         3
 Stone Arrow              Conj/Erth      2%         3d7       67%         3
 Swiftness                Air            1%         N/A       67%         3
 Volatile Blastmotes      Fire/Tloc      2%         2d10      67%         3
 Anguish                  Hex/Necr       1%         N/A       86%         4
 Fulminant Prism          Conj/Alch      1%         3d5       90%         4
 Brom's Barrelling Bould  Conj/Erth      1%         2d3       97%         4
 Iskenderun's Mystic Bla  Conj/Tloc      1%         2d3       97%         4
 Summon Blazeheart Golem  Fire/Summ      1%         N/A       97%         4
 Ozocubu's Refrigeration  Ice            0%         4d7       100%        7
 Discord                  Hex            0%         N/A       100%        8


Dungeon Overview and Level Annotations

Branches:
Dungeon (9/15)             Temple (1/1) D:6           Sewer (visited)
   Lair: D:8-11         Orc: D:9-12

Altars:
Ashenzari
Cheibriados
Dithmenos
Fedhas
Gozag
Hepliaklqana
Kikubaaqudgha
Nemelex Xobeh
Okawaru
Qazlal
Ru
Sif Muna
Trog
Uskayaw
Vehumet
Wu Jian
Xom
Yredelemnul

Shops:
D:2 *

Annotations:
D:4 1 runed translucent door
D:9 Jeremiah


Innate Abilities, Weirdness & Mutations

You have a pair of small antennae on your head.
You sometimes emit foul miasma when damaged in melee.
You are mostly covered in razor-sharp scales. (AC +2, Slay +2)


Message History

The orc warrior is engulfed in dark miasma.
The orc warrior looks even sicker.
The orc warrior seems to slow down.
The gnoll sergeant attacks as it pursues you!
The gnoll sergeant hits you from afar with a +0 trident.
* * * LOW HITPOINT WARNING * * *
A howler monkey comes into view.
Aiming: Mindburst
Press: ? - help, Q - select action, (/) - cycle Shift-Dir - straight line, f - howler monkey
Aim: a howler monkey (catching its breath, chance to affect: 81%)
The howler monkey's mind is blasted!!
The gnoll sergeant misses you.
The howler monkey completely misses you.
You closely miss the howler monkey.
The howler monkey is almost dead.
The howler monkey hoots and howls with incredible vigour!
The gnoll sergeant barely misses you.
You hear a bellow! x2; You hear an angry buzzing noise.
Unknown command.
You barely miss the howler monkey.
The howler monkey is almost dead.
The howler monkey completely misses you.
Jeremiah hops!
The gnoll sergeant misses you.
The howler monkey hoots and howls with incredible vigour!
The orc warrior misses you.
You hear a bellow!
You hear an angry buzzing noise.
You hear a bellow!
You hear an angry buzzing noise.
You hear an angry hiss.
You hear an angry buzzing noise.
You hear a shout!
You hear a bellow!
You hear an angry hiss.
You hear a shout! x2; You hear a bellow!
You barely miss the howler monkey.
The howler monkey is almost dead.
The gnoll sergeant closely misses you.
The howler monkey completely misses you.
The howler monkey completely misses you.
Jeremiah lets out a twisted cry.
Something smites you!
* * * LOW HITPOINT WARNING * * *
You hit the howler monkey.
You kill the howler monkey!
The orc warrior hits you from afar with a +0 trident!
You die...

.....#. ........
.##..##.. ..........
..#''#... .........
........# #....#..
###......## #....#.#
?'.....b'. ##......##
{'S..b..'. #
#.b#.....####b.....##
###.#.)##...@.##))...bbb#
#.....<.[.#..†obb°#''#...
#.......)##...g..##,b#
##....b.[..##....## #
#..##.b..).#...bFh##
#..#.....#.....bb.b##...
#.......##.....<.†b.....
##.......#..............
##..##.....###.......#.


You could see Jeremiah, an orc warrior (poisoned), a gnoll sergeant and a howler
monkey.

Vanquished Creatures
  A two-headed ogre (D:8)
  Maurice (D:7)
  Pargi (Sewer)
  An ice beast (D:7)
  6 orc warriors
  A black bear (D:6)
  2 ogres
  A wolf (D:8)
  3 phantoms
  2 brain worms (Sewer)
  A kobold brigand (D:7)
  2 bullfrogs
  3 scorpions
  18 wights
  3 howler monkeys
  A bombardier beetle (D:6)
  6 orc priests
  A jelly (D:6)
  5 hounds
  2 human zombies (D:4)
  A gnoll bouda (D:9)
  A sleepcap (D:6)
  6 iguanas
  12 orc wizards
  5 gnolls
  4 adders
  2 river rats (D:5)
  A shadow imp (D:5)
  2 white imps
  A ribbon worm (D:2)
  A dart slug (D:1)
  37 orcs
  8 ball pythons
  A bat (D:1)
  15 endoplasms
  9 giant cockroaches
  2 goblins
  8 hobgoblins
  4 quokkas
  5 frilled lizards
  13 kobolds
  A kobold skeleton (D:4)
  16 rats
216 creatures vanquished.

Vanquished Creatures (others)
  An orc priest (D:7)
1 creature vanquished.

Grand Total: 217 creatures vanquished

Notes
Turn   | Place    | Note
-------+----------+-------------------------------------------
     0 | D:1      | gelatine the Demonspawn Fighter began the quest for the
                  | Orb.
     0 | D:1      | Reached XP level 1. HP: 18/18 MP: 1/1
   383 | D:1      | Gained mutation: You may rarely emit foul miasma when
                  | damaged in melee. [demonic ancestry]
   383 | D:1      | Reached XP level 2. HP: 18/24 MP: 2/2
   580 | D:1      | Found a faded altar of an unknown god.
   834 | D:2      | Reached XP level 3. HP: 29/29 MP: 3/3
  1103 | D:2      | Found Exkochip's General Store.
  1730 | D:3      | Reached XP level 4. HP: 35/35 MP: 4/4
  1957 | D:3      | Found a sacrificial altar of Ru.
  2121 | D:3      | Reached skill level 1 in Dodging
  2309 | D:4      | Reached skill level 1 in Maces & Flails
  2367 | D:4      | Gained mutation: You are partially covered in razor-sharp
                  | scales. (AC +1, Slay +1) [demonic ancestry]
  2367 | D:4      | Reached XP level 5. HP: 34/41 MP: 5/5
  2471 | D:4      | Reached skill level 2 in Maces & Flails
  2474 | D:4      | Found a runed translucent door.
  2479 | D:4      | Noticed a human
  2482 | D:4      | Found a basalt altar of Yredelemnul.
  2637 | D:4      | Noticed a phantom
  2655 | D:4      | Killed a phantom
  2656 | D:4      | Reached XP level 6. HP: 42/48 MP: 6/6
  2829 | D:4      | Found an ancient bone altar of Kikubaaqudgha.
  2912 | D:5      | Entered Level 5 of the Dungeon
  3015 | D:5      | Reached skill level 3 in Maces & Flails
  3414 | D:5      | Found a glowing drain.
  3425 | D:5      | Gained mutation: You sometimes emit foul miasma when
                  | damaged in melee. [demonic ancestry]
  3425 | D:5      | Reached XP level 7. HP: 53/53 MP: 7/7
  3449 | Sewer    | Entered a sewer
  3450 | Sewer    | Noticed Pargi
  3471 | Sewer    | Killed Pargi
  3472 | Sewer    | Reached skill level 4 in Maces & Flails
  3982 | D:5      | You fall into a shaft and drop 2 floors!
  4110 | D:7      | Noticed Maurice
  4117 | D:7      | Maurice stole 20 gold
  4119 | D:7      | Maurice stole a ring of willpower
  4120 | D:7      | Maurice stole a +0 whip of venom
  4124 | D:7      | Maurice stole 10 poisoned darts
  4126 | D:7      | Maurice stole 348 gold
  4130 | D:7      | Killed Maurice
  4131 | D:7      | Reached skill level 5 in Maces & Flails
  4131 | D:7      | Reached skill level 1 in Throwing
  4131 | D:7      | Reached XP level 8. HP: 24/61 MP: 8/8
  4460 | D:6      | Found a staircase to the Ecumenical Temple.
  4472 | Temple   | Entered the Ecumenical Temple
  4733 | D:6      | Reached skill level 6 in Maces & Flails
  5151 | D:6      | Gained mutation: You have a pair of small antennae on your
                  | head. [demonic ancestry]
  5151 | D:6      | Reached XP level 9. HP: 55/67 MP: 9/9
  5219 | D:6      | Found a radiant altar of Vehumet.
  5376 | D:6      | Reached skill level 5 in Fighting
  5650 | D:7      | Reached skill level 5 in Dodging
  5664 | D:7      | Found a bloodstained altar of Trog.
  5903 | D:7      | Learned a level 3 spell: Fugue of the Fallen
  6013 | D:7      | Reached skill level 7 in Maces & Flails
  6052 | D:7      | Reached skill level 1 in Spellcasting
  6305 | D:8      | Reached skill level 1 in Evocations
  6415 | D:8      | Reached skill level 5 in Armour
  6419 | D:8      | Reached skill level 1 in Necromancy
  6663 | D:8      | Noticed a two-headed ogre
  6674 | D:8      | Killed a two-headed ogre
  6675 | D:8      | Reached skill level 8 in Maces & Flails
  6675 | D:8      | Gained mutation: You are mostly covered in razor-sharp
                  | scales. (AC +2, Slay +2) [demonic ancestry]
  6675 | D:8      | Reached XP level 10. HP: 17/74 MP: 13/13
  6875 | D:8      | Learned a level 4 spell: Olgreb's Toxic Radiance
  7141 | D:8      | Reached skill level 1 in Alchemy
  7665 | D:9      | Noticed Jeremiah
  7876 | D:9      | HP: 3/74 [Jeremiah/divine providence (13)]
  7877 | D:9      | Mangled by an orc warrior

Illustrated notes

Levels and vault maps discovered:
D:1:      lemuel_arrival_cross, layout_basic,
          dreamdust_ecumenical_altar_angels_and_demons, minmay_rat_gold_closets
D:2:      layout_basic, basic_altar, serial_shops, shop
D:3:      layout_basic, nicolae_ru_sacrificial_ziggurat
D:4:      layout_cave_pools, dk_yredelemnul_ordeal,
          mainiacjoe_overflow_divided_tiny
D:5:      layout_basic, portal_sewer_entry_b, serial_bayou_pond_a, minivault_19
D:6:      layout_rooms, lemuel_doored_altar, minmay_temple_entry_wispy,
          serial_bayou_crossing
D:7:      layout_basic, trog_butcher_becter, uniq_maurice
D:8:      layout_cave_pods, special_room [special_room_orc]
D:9:      layout_cave_pools, minmay_lair_entry_grove, serial_gnoll_camp,
          gnoll_camp_mini_loothouse, gnoll_camp_huts_basic, gnoll_camp_mini_hut,
          gnoll_camp_mini_hut, gnoll_camp_mini_shop, gnoll_camp_mini_basic,
          minivault_23, minmay_stone_trees_large, uniq_jeremiah, uniq_harold
Temple:   regret_index_temple_generic_petals

Skill      XL: |  1  2  3  4  5  6  7  8  9 10 |
---------------+-------------------------------+-----
Axes           | 2 |  2.8
Shields        | 3 4 |  4.7
Armour         | 3 4 5 |  5.1
Dodging        | 1 2 3 4 5 |  5.2
Maces & Flails | 1 2 3 5 6 8 |  8.5
Fighting       | 4 5 |  5.3
Throwing       | 1 2 |  2.4
Spellcasting   | 2 |  2.9
Evocations     | 2 |  2.3
Necromancy     | 2 |  2.7
Alchemy        | 1 |  1.8
Stealth        | |  0.4

Action                     |  1- 3 |  4- 6 |  7- 9 | 10-12 || total
---------------------------+-------+-------+-------+-------++-------
  Melee: War axe           |   100 |       |       |       ||   100
         Whip              |    41 |   230 |   101 |       ||   372
         Flail             |       |       |   238 |       ||   238
         Dire flail        |       |       |    34 |   145 ||   179
  Throw: Dart              |       |     1 |       |    10 ||    11
         Javelin           |       |     8 |    35 |     5 ||    48
         Stone             |       |       |       |    40 ||    40
  Evoke: Wand              |       |       |     3 |     1 ||     4
    Use: Scroll            |       |    10 |     1 |       ||    11
 Armour: Scale mail        |   110 |    84 |   200 |       ||   394
         Robe              |       |       |       |    47 ||    47
  Dodge: Dodged            |    64 |   111 |   280 |   173 ||   628
  Block: Buckler           |    26 |    28 |    83 |       ||   137
